cohdb
Replays
Latest Replays
All Replays
Popular Replays
Top Player Replays
Match Explorer
How It Works
Community
CoH3 Stats
Reddit
Sign in to upload your games and track your stats! →
Sign in with Steam
Match 46998388
Unlisted
Match 46998388
Overview
Messages
Build Orders
End
Kettenkrad Recon Vehicle
Construct Infanterie Kompanie
Grenadier Squad
MG 42 Machine Gun Team
Grenadier Squad
Selects Breakthrough Battlegroup
Selects Assault Grenadiers
Selects Breakthrough
Breakthrough
Construct Panzergrenadier Kompanie
Medical Station
Support Elements
Nebelwerfer 42 Rocket Launcher Team
Pak 40 Anti-tank Gun Team
Breakthrough
Panzergrenadier Squad
Selects 2.5-tonne Cargo Truck
Selects Incendiary Bombing Run
Incendiary Bombing Run
2.5-tonne Cargo Truck
Panzergrenadier Squad
Construct Panzer Kompanie
Selects Blitzkrieg
Breakthrough
Sturmpanzer IV Brummbär
Nebelwerfer 42 Rocket Launcher Team
Pak 40 Anti-tank Gun Team
Breakthrough
Panzergrenadier Squad
Incendiary Bombing Run
Selects Tiger Heavy Tank
Nukepapa
P3prime
Danver
Desertfox
0
0
Comments
sign in to comment!
No comments posted yet!